AoeStats
← ME_DEPRIME_JUGAR_CON_USTEDES

African Clearing

506711337Analyzed
4v4 RM · 17d ago on Sep 14, 2026· 46m 21s· 8 players
Game mode
Random Map
Map size
Large (8 player)
Population
200
Speed
Normal
Resources
Standard
Victory
Conquest
Starting age
Dark Age
Ending age
Imperial Age
RankedLock teamsTeams togetherTeam positionsShared explorationLock speedFull tech treeHidden civsTurbo modeCheats
Victory
Defeat
🇲🇽 Vikings · Mexico
1415
+15
🇵🇪 Malians · Peru
1398
+16
🇭🇰 Franks · Hong Kong SAR China
1383
+16
🇵🇪 Spanish · Peru
1375
+17
🇦🇷 Maya · Argentina
1550
-22
🇦🇷 Vietnamese · Argentina
1472
-19
🇦🇷 Spanish · Argentina
1362
-15
🇦🇷 Magyars · Argentina
1176
-8
大庆Song
7:54 Loom
14:01 Feudal Age
17:52 Castle Age
16:24 Double-Bit Axe
18:17 Scale Barding Armor
19:20 Forging
19:33 Chain Barding Armor
19:47 Town Watch
23:09 Wheelbarrow
23:49 Fletching
33:39 Imperial Age
33:44 Bodkin Arrow
36:05 Plate Barding Armor
35:33 Husbandry
37:56 Cavalier
38:48 Forging
42:11 Iron Casting
46:23 Blast Furnace
brachigol
3:40 Loom
13:28 Feudal Age
18:01 Castle Age
17:04 Double-Bit Axe
23:32 Padded Archer Armor
23:49 Horse Collar
26:44 Bow Saw
27:30 Leather Archer Armor
28:08 Bloodlines
28:45 Heavy Plow
29:42 Husbandry
34:05 Herbal Medicine
39:55 Imperial Age
39:36 Wheelbarrow
41:13 Conscription
41:24 Ring Archer Armor
41:55 Two-Man Saw
41:14 Hand Cart
41:39 Elite Conquistador
43:48 Town Watch
44:21 Fletching
45:27 Ballistics
46:08 Chemistry
45:29 Bodkin Arrow
45:46 Masonry
46:14 Hoardings
46:01 Supremacy
Kaanan
9:08 Loom
11:56 Feudal Age
12:58 Double-Bit Axe
17:40 Horse Collar
25:15 Castle Age
23:41 Fishing Lines
23:45 Fishing Lines
24:23 Forging
24:54 Scale Barding Armor
26:03 Bloodlines
25:49 Gillnets
26:11 Husbandry
26:48 Chain Barding Armor
28:03 Bow Saw
28:33 Wheelbarrow
27:46 Town Watch
30:23 Iron Casting
29:49 Gold Mining
29:51 Stone Mining
32:37 Gold Shaft Mining
32:38 Stone Shaft Mining
37:24 Imperial Age
37:57 Hand Cart
37:35 Cavalier
38:53 Plate Barding Armor
38:48 Farimba
40:05 Conscription
43:47 Scale Mail Armor
43:50 Squires
43:36 Arson
44:51 Chain Mail Armor
44:59 Ballistics
45:42 Chemistry
kazumakine
4:11 Loom
14:32 Feudal Age
20:52 Castle Age
20:06 Double-Bit Axe
21:03 Fletching
22:34 Town Watch
23:15 Bow Saw
23:54 Crossbowman
25:27 Padded Archer Armor
28:27 Bodkin Arrow
29:37 Ballistics
29:29 Horse Collar
30:50 Fishing Lines
41:13 Imperial Age
42:18 Arbalester
43:58 Bracer
45:04 Chemistry
44:10 Capped Ram
45:52 Elite Berserk
350 pero pregriloso
3:59 Loom
13:55 Feudal Age
19:12 Castle Age
17:28 Gold Mining
17:47 Double-Bit Axe
25:56 Padded Archer Armor
30:47 Fletching
31:16 Bow Saw
30:51 Horse Collar
32:04 Wheelbarrow
32:07 Leather Archer Armor
33:49 Inquisition
36:28 Husbandry
36:40 Bloodlines
37:05 Heavy Plow
38:41 Scale Barding Armor
38:47 Forging
38:54 Stone Mining
40:29 Chain Barding Armor
40:58 Iron Casting
44:43 Hand Cart
44:02 Light Cavalry
Gorri
6:09 Loom
12:00 Feudal Age
23:56 Castle Age
23:09 Double-Bit Axe
28:31 Bloodlines
28:21 Husbandry
29:32 Wheelbarrow
28:43 Town Watch
29:51 Thumb Ring
34:11 Fletching
35:38 Bodkin Arrow
35:47 Padded Archer Armor
44:32 Elite Skirmisher
47:05 Ballistics
JLoops
11:03 Loom
12:49 Feudal Age
13:49 Double-Bit Axe
14:56 Horse Collar
16:14 Gold Mining
18:32 Castle Age
17:37 Fletching
19:31 Bow Saw
19:18 Bodkin Arrow
22:49 Ballistics
22:45 Padded Archer Armor
26:40 Leather Archer Armor
27:56 Town Watch
29:16 Husbandry
29:54 Thumb Ring
31:09 Wheelbarrow
33:20 Bloodlines
34:29 Hand Cart
38:58 Imperial Age
36:38 Heavy Plow
40:53 Chemistry
39:54 Bracer
41:19 Two-Man Saw
40:49 Crop Rotation
40:45 Crossbowman
41:56 Ring Archer Armor
42:04 Arbalester
46:05 Crop Rotation
ME_DEPRIME_JUGAR_CON_USTEDES
5:47 Loom
14:56 Feudal Age
18:43 Castle Age
16:45 Double-Bit Axe
17:26 Stone Mining
20:08 Bow Saw
25:27 Fishing Lines
27:18 Fletching
28:31 Padded Archer Armor
29:50 Bodkin Arrow
32:00 Leather Archer Armor
34:00 Gold Mining
35:15 Wheelbarrow
39:09 Imperial Age
36:55 Hand Cart
39:20 Imperial Age
39:14 Ballistics
40:21 Bracer
41:35 Chemistry
41:34 Thumb Ring
42:00 Ring Archer Armor
41:10 Pikeman
42:32 Scale Mail Armor
42:43 Forging
44:01 Two-Man Saw
43:33 Horse Collar
44:50 Hand Cart
45:46 Chain Mail Armor
46:06 Iron Casting
46:35 Conscription
Connection lost

Rejoining the realm…

Still unreachable

The connection could not be restored.

Session expired

The server has moved on; the page needs a fresh start.